Map: Frozen Temple

Players

Fropez - Winner!

  • Race: Protoss Protoss
  • League: Silver
  • Spawn Location: 5:00

Diksalfeifa

  • Race: Protoss Protoss
  • League: Silver
  • Spawn Location: 11:00

VOD

Have the link to the VOD?

Description

Time

  • Played on: May 18, 2016, 11:21 a.m.
  • Length: 16:28
Show
View Real Time Build Order
Export as new Build Order

Fropez Protoss - Winner!

Build Orders:  

Get SALT Encoding   

  12  0:01  Probe (Chrono Boost)  
  13  0:17  Pylon  
  14  0:21  Probe (Chrono Boost)  
  14  0:32  Probe (Chrono Boost)  
  15  0:41  Gateway  
  15  0:42  Probe (Chrono Boost)  
  16  0:51  Pylon  
  16  0:54  Probe (Chrono Boost)  
  17  1:03  Assimilator  
  17  1:05  Probe (Chrono Boost)  
  18  1:15  Probe (Chrono Boost)  
  19  1:26  Probe (Chrono Boost)  
  19  1:28  Cybernetics Core  
  20  1:36  Probe (Chrono Boost)  
  21  1:45  Gateway  
  21  1:51  Probe (Chrono Boost), Gateway  
  22  2:03  Probe (Chrono Boost)  
  22  2:19  Assimilator  
  22  2:25  Probe (Chrono Boost)  
  23  2:31  Warp Gate (Chrono Boost)  
  23  2:36  Pylon  
  23  2:41  Adept x2  
  27  2:48  Probe  
  28  2:53  Zealot  
  29  3:00  Probe  
  29  3:02  Forge  
  30  3:08  Adept  
  34  3:12  Adept  
  34  3:13  Mothership Core  
  36  3:20  Pylon  
  37  3:34  Probe  
  35  3:52  Stalker  
  35  3:53  Stalker  
  37  3:58  Protoss Ground Weapons Level 1 (Chrono Boost)  
  37  4:04  Probe  
  37  4:06  Twilight Council  
  36  4:16  Probe  
  37  4:25  Stalker  
  37  4:31  Stalker  
  41  4:34  Stalker  
  41  4:37  Probe  
  44  4:58  Stalker  
  36  5:57  Stalker x2  
  36  5:58  Stalker  
  40  6:09  Probe  
  41  6:18  Gateway  
  39  6:21  Blink (Chrono Boost)  
  39  6:24  Pylon, Protoss Ground Weapons Level 2 (Chrono Boost)  
  37  6:28  Gateway  
  37  6:30  Gateway  
  37  6:33  Pylon, Gateway  
  33  7:01  Stalker x3  
  33  7:04  Probe  
  38  7:20  Nexus  
  38  7:22  Assimilator  
  38  7:25  Probe, Assimilator  
  38  7:29  Stalker  
  41  7:30  Pylon  
  41  7:38  Photon Cannon  
  41  7:42  Probe  
  42  7:48  Pylon  
  42  7:57  Probe  
  39  8:05  Stalker  
  39  8:06  Stalker  
  43  8:36  Gateway  
  43  8:39  Gateway  
  35  9:26  Stalker x2  
  35  9:27  Stalker x4  
  47  9:32  Probe  
  48  9:38  Probe  
  48  9:44  Probe  
  48  9:49  Probe  
  49  9:55  Sentry  
  49  9:58  Stalker x2  
  55  10:06  Probe  
  55  10:07  Probe  
  57  10:17  Probe  
  58  10:27  Pylon  
  58  10:29  Probe x2  
  58  10:31  Protoss Ground Weapons Level 3 (Chrono Boost)  
  60  10:36  Stalker  
  62  10:46  Stalker  
  62  10:47  Stalker  
  62  10:59  Probe  
  62  11:00  Probe  
  64  11:10  Dark Shrine  
  64  11:17  Photon Cannon  
  64  11:20  Photon Cannon  
  64  11:21  Probe  
  64  11:25  Probe  
  66  11:35  Stalker x3  
  72  11:58  Probe  
  72  11:59  Probe  
  74  12:07  Nexus  
  74  12:11  Assimilator  
  74  12:14  Assimilator  
  74  12:18  Pylon  
  74  12:20  Pylon  
  74  12:31  Probe  
  74  12:32  Probe  
  74  12:36  Dark Templar x3  
  82  12:37  Dark Templar  
  82  12:44  Pylon  
  84  12:54  Probe x2  
  84  12:56  Robotics Facility  
  84  12:58  Robotics Facility  
  86  13:19  Dark Templar x2  
  89  13:20  Dark Templar x3  
  89  13:21  Dark Templar  
  95  13:41  Probe, Photon Cannon  
  96  13:43  Photon Cannon  
  96  13:45  Protoss Ground Armor Level 1 (Chrono Boost)  
  96  14:04  Probe  
  96  14:05  Probe  
  98  14:11  Pylon  
  98  14:23  Observer x2  
  100  14:27  Stalker x2  
  100  14:28  Stalker x5  
  78  16:25  Gateway  
  78  16:26  Gateway x2  
  78  16:28  Gateway  
Show
View Real Time Build Order
Export as new Build Order

Diksalfeifa Protoss 

Build Orders: 1 Gate Expand 

Get SALT Encoding   

  12  0:05  Probe (Chrono Boost)  
  13  0:16  Probe (Chrono Boost)  
  13  0:19  Pylon  
  14  0:26  Probe (Chrono Boost)  
  15  0:41  Gateway  
  15  1:07  Nexus  
  15  1:10  Probe (Chrono Boost)  
  16  1:23  Probe (Chrono Boost)  
  17  1:32  Pylon  
  17  1:49  Cybernetics Core  
  17  1:55  Pylon  
  17  2:00  Zealot  
  19  2:08  Assimilator  
  19  2:12  Assimilator  
  19  2:19  Probe (Chrono Boost)  
  21  2:26  Probe (Chrono Boost)  
  21  2:29  Probe (Chrono Boost)  
  21  2:37  Probe (Chrono Boost)  
  21  2:38  Zealot  
  24  2:48  Warp Gate  
  24  2:56  Forge  
  24  3:06  Gateway  
  24  3:08  Gateway  
  24  3:10  Probe (Chrono Boost)  
  25  3:15  Mothership Core (Chrono Boost)  
  27  3:22  Probe (Chrono Boost)  
  28  3:33  Probe x2 (Chrono Boost)  
  29  3:43  Probe (Chrono Boost)  
  29  4:12  Stalker  
  31  4:18  Pylon  
  31  4:19  Protoss Ground Weapons Level 1  
  31  4:25  Probe (Chrono Boost)  
  31  4:26  Probe (Chrono Boost)  
  33  4:35  Probe (Chrono Boost)  
  33  4:37  Probe (Chrono Boost)  
  35  4:40  Twilight Council  
  35  4:47  Probe (Chrono Boost)  
  35  4:49  Probe (Chrono Boost)  
  37  4:58  Probe (Chrono Boost)  
  38  5:00  Probe (Chrono Boost)  
  39  5:08  Probe (Chrono Boost)  
  38  5:19  Probe (Chrono Boost)  
  37  5:21  Stalker x3  
  37  5:40  Photon Cannon  
  37  5:46  Stalker x3  
  33  6:12  Stalker x2  
  33  6:13  Stalker  
  33  6:30  Gateway  
  33  6:31  Gateway  
  29  6:39  Stalker x2  
  32  6:40  Stalker  
  32  6:53  Blink  
  30  7:00  Probe (Chrono Boost)  
  29  7:10  Probe (Chrono Boost)  
  30  7:21  Probe (Chrono Boost)  
  31  7:47  Pylon  
  31  7:48  Pylon  
  23  8:06  Stalker x5  
  33  8:21  Probe (Chrono Boost), Robotics Facility  
  33  8:23  Probe (Chrono Boost)  
  35  8:32  Probe (Chrono Boost)  
  35  8:33  Stalker  
  38  8:39  Stalker  
  40  8:44  Probe (Chrono Boost)  
  40  8:47  Probe (Chrono Boost)  
  42  8:55  Probe (Chrono Boost)  
  43  9:07  Sentry  
  44  9:20  Probe (Chrono Boost)  
  44  9:24  Observer  
  45  9:30  Probe (Chrono Boost)  
  46  9:33  Stalker x2  
  46  9:34  Stalker  
  52  9:38  Assimilator  
  52  9:41  Probe x2 (Chrono Boost)  
  52  9:55  Probe (Chrono Boost)  
  52  9:57  Observer  
  54  10:06  Probe (Chrono Boost)  
  55  10:09  Assimilator  
  55  10:11  Probe (Chrono Boost)  
  56  10:16  Probe (Chrono Boost)  
  56  10:20  Probe  
  56  10:21  Immortal (Chrono Boost)  
  61  10:24  Stalker x2  
  61  10:25  Stalker  
  61  10:27  Zealot  
  61  10:28  Probe  
  70  11:12  Nexus  
  70  11:15  Pylon  
  70  11:18  Pylon, Protoss Ground Weapons Level 2 (Chrono Boost)  
  70  11:20  Pylon  
  70  11:24  Gateway  
  70  11:26  Gateway  
  70  11:28  Gateway  
  70  11:31  Mothership Core  
  76  11:48  Warp Prism (Chrono Boost)  
  74  11:54  Probe  
  75  12:06  Probe x2  
  77  12:17  Probe  
  77  12:18  Probe  
  77  12:20  Stalker x5  
  89  13:07  Observer  
  88  13:16  Stalker x5  
  98  13:36  Observer  
  98  13:37  Dark Shrine  
  99  13:49  Stalker x4  
  99  13:50  Stalker  
  107  14:06  Robotics Bay  
  107  14:08  Pylon  
  107  14:09  Pylon  
  107  14:11  Pylon  
  107  14:17  Stalker  
  107  14:19  Photon Cannon  
  107  14:20  Photon Cannon  
  107  14:21  Photon Cannon  
  65  14:59  Stalker x5  
  72  15:10  Disruptor  
  73  15:56  Pylon x2  
  73  15:57  Pylon  
Tags
 
Matchup
PvP
Replay Pack
All Mines
Spawn Locations
Cross Positions
Add a new tag
Caveats
  • Supply blocks, unpowered buildings, or Contaminate may cause inaccurate times.
  • Supply counts are checked every 10 seconds.